 Dungeon Crawl Stone Soup version 0.19.0-11-g3fc08b3 (webtiles) character file.

62 JeffiDaFish the Shield-Bearer (level 4, 0/29 HPs)
             Began as a Gargoyle Fighter on Nov 9, 2016.
             Slain by Natasha (2 damage)
             ... on level 2 of the Dungeon.
             The game lasted 00:02:16 (950 turns).

JeffiDaFish the Shield-Bearer (Gargoyle Fighter)     Turns: 950, Time: 00:02:17

Health: 0/29       AC: 10    Str: 21    XL:     4   Next: 8%
Magic:  4/4        EV:  7    Int:  8    God:
Gold:   95         SH:  9    Dex:  9    Spells: 0 memorised, 3 levels left

rFire  . . .     SeeInvis .     a - +0 flail
rCold  . . .     Gourm    .     b - +0 scale mail
rNeg   + . .     Faith    .     c - +0 shield
rPois  ∞         Spirit   .     (no helmet)
rElec  +         Reflect  .     (no cloak)
rCorr  .         Harm     .     (no gloves)
MR     .....                    (no boots)
Stlth  ..........               (no amulet)
                                (no ring)
                                (no ring)

@: slowed, very slow
A: negative energy resistance 1, electricity resistance, unbreathing,
petrification resistance, rot immunity, AC +3
a: no special abilities


You were on level 2 of the Dungeon.
You were not hungry.

You visited 1 branch of the dungeon, and saw 2 of its levels.

You collected 95 gold pieces.

Inventory:

Hand Weapons
 a - a +0 flail (weapon)
Armour
 b - a +0 scale mail (worn)
 c - a +0 shield (worn)
Scrolls
 e - 3 scrolls of identify
 h - a scroll of recharging
Potions
 d - 2 potions of might
Comestibles
 f - 2 bread rations
 g - 3 fruits
 i - 4 chunks of flesh


   Skills:
 + Level 3.8 Fighting
 + Level 2.4 Maces & Flails
 + Level 3.8 Armour
 + Level 0.2 Dodging
 + Level 0.2 Stealth
 + Level 4.0 Shields


You had 3 spell levels left.
You didn't know any spells.

Dungeon Overview and Level Annotations

Branches:
Dungeon (2/15)

Altars:

Annotations:
D:2 Natasha


Innate Abilities, Weirdness & Mutations

You are resistant to torment.
Your stone body is resilient. (AC +3)
You are immune to poison.
You resist negative energy. (rN+)
You are resistant to electric shocks. (rElec)
You can survive without breathing.
You are immune to petrification.
You are immune to rotting.


Message History

Natasha is heavily wounded.
Natasha claws you but does no damage. You block the white imp's attack. x2
Natasha claws you but does no damage.
You barely miss Natasha.
Natasha is heavily wounded.
Natasha claws you.
* * * LOW HITPOINT WARNING * * *
The white imp hits you but does no damage.
The white imp gestures at you. The puff of frost hits you!
* * * LOW HITPOINT WARNING * * *
Natasha claws you but does no damage.
You closely miss Natasha.
Natasha is heavily wounded.
Natasha casts a spell at you. The magic dart hits you!
* * * LOW HITPOINT WARNING * * *
You block the white imp's attack. The white imp closely misses you.
Natasha claws you.
You die...

#..##.).#
###.......#
#...(.....#
#######.#.#
#.#.# #.#.#
#.#.# #)#.#
#@..#
#.h5..#
#.....#
#...?.#
#.....#
#...%..
#.......
#...#....


You could see Natasha and a white imp.

Vanquished Creatures
  Natasha (D:2)
  An ooze (D:1)
  3 dart slugs (D:1)
  A leopard gecko (D:1)
  A ball python (D:2)
  3 bats (D:1)
  A giant cockroach (D:1)
  A hobgoblin (D:1)
  2 frilled lizards (D:1)
  7 goblins
  2 kobolds (D:1)
  3 rats
26 creatures vanquished.

Notes
Turn   | Place    | Note
-------+----------+-------------------------------------------
     0 | D:1      | JeffiDaFish the Gargoyle Fighter began the quest for the Orb.
     0 | D:1      | Reached XP level 1. HP: 14/14 MP: 1/1
     0 | D:1      | Noticed a minotaur zombie
     2 | D:1      | Noticed a minotaur zombie
     4 | D:1      | Noticed a minotaur zombie
    69 | D:1      | Reached XP level 2. HP: 18/19 MP: 2/2
   230 | D:1      | Reached XP level 3. HP: 24/24 MP: 3/3
   847 | D:2      | Noticed Natasha
   876 | D:2      | Killed Natasha
   876 | D:2      | Reached skill level 4 in Shields
   876 | D:2      | Reached XP level 4. HP: 7/29 MP: 4/4
   943 | D:2      | Noticed Natasha
   950 | D:2      | Slain by Natasha

Skill      XL: |  1  2  3 |
---------------+----------+-----
Shields        | 4 |  4.0
Fighting       | |  3.8
Maces & Flails | |  2.4
Armour         | |  3.8
Dodging        | |  0.2
Stealth        | |  0.2

Action                   |  1- 3 |  4- 6 || total
-------------------------+-------+-------++-------
Melee: Flail             |   110 |    13 ||   123
  Use: Scroll            |     5 |       ||     5
       Potion            |     1 |       ||     1
Armor: Scale mail        |    49 |     8 ||    57
Dodge: Dodged            |    36 |     5 ||    41
Block: Shield            |    51 |    11 ||    62
